 Dungeon Crawl Stone Soup version 0.27-a0-1331-g60ef6b6952 (webtiles) character file.

Game seed: 4927151744918845135

4074 Delamore the Spear-Bearer (level 10, 0/74 HPs)
             Began as a Formicid Fighter on June 25, 2021.
             Was an Elder of Sif Muna.
             Killed by refrigeration
             ... invoked by Fannar
              (28 damage)
             ... on level 10 of the Dungeon.
             The game lasted 00:12:02 (10225 turns).

Delamore the Spear-Bearer (Formicid Fighter)       Turns: 10225, Time: 00:12:02

Health: 0/74       AC: 12    Str: 24    XL:     10   Next: 49%
Magic:  10/10      EV: 13    Int:  8    God:    Sif Muna [****..]
Gold:   779        SH:  4    Dex: 10    Spells: 9/9 levels left

rFire    . . .     SeeInvis +   a - +0 trident (vorpal)
rCold    . . .     Faith    .   i - +0 buckler
rNeg     . . .     Spirit   .   v - +2 scale mail {Will+}
rPois    .         Reflect  .   (helmet unavailable)
rElec    .         Harm     .   (no cloak)
rCorr    .         Rampage  .   g - +0 pair of gloves
Will     +++..                  w - +1 pair of boots
Stlth    ..........             (no amulet)
HPRegen  0.22/turn              e - ring of willpower
MPRegen  0.12/turn              q - +4 ring of evasion

@: no status effects
A: permanent stasis, dig shafts and tunnels, antennae 3, four strong arms
a: Dig, Shaft Self, Renounce Religion, Channel Magic, Forget Spell, Divine
Exegesis


You were on level 10 of the Dungeon.
You worshipped Sif Muna.
Sif Muna was greatly pleased with you.
You visited 1 branch of the dungeon, and saw 8 of its levels.
You also visited: Sewer and Bailey.

You collected 779 gold pieces.

Inventory:

Hand Weapons
 a - a +0 vorpal trident (weapon)
 x - a +0 bardiche
 y - a +0 glaive
Missiles
 h - 12 boomerangs
 m - 16 poisoned darts (quivered)
 n - 5 throwing nets
 o - 9 javelins
Armour
 b - a +0 scale mail
 c - a +1 kite shield
 g - a +0 pair of gloves (worn)
 i - a +0 buckler (worn)
 v - a +2 scale mail of willpower (worn)
 w - a +1 pair of boots (worn)
 z - a +0 crystal plate armour
Jewellery
 e - a ring of willpower (left hand)
 q - a +4 ring of evasion (right hand)
 u - a +6 ring of strength
Scrolls
 r - a scroll of blinking
 A - 2 scrolls of identify
 B - a scroll of fog
 E - a scroll of summoning {unknown}
Potions
 d - a potion of might
 f - 2 potions of cancellation
 j - 2 potions of brilliance
 l - 2 potions of curing
 p - a potion of ambrosia
 s - 6 potions of flight
 t - 2 potions of attraction {unknown}
 D - a potion of magic {unknown}
Miscellaneous
 k - a tin of tremorstones (2/2)


   Skills:
 - Level 5.0 Fighting
 * Level 13.7 Polearms
 - Level 3.2 Armour
 - Level 3.6 Shields


You had 9 spell levels left.
You didn't know any spells.
Your spell library contained the following spells:

 Spells                   Type           Power      Damage    Failure   Level
 Animate Skeleton         Necr           0%         N/A       71%         1
 Beastly Appendage        Tmut           0%         N/A       71%         1
 Corona                   Hex            0%         N/A       71%         1
 Pain                     Necr           0%         1d4       71%         1
 Shock                    Conj/Air       0%         1d3       71%         1
 Ensorcelled Hibernation  Hex/Ice        0%         N/A       85%         2
 Static Discharge         Conj/Air       0%         N/A       85%         2
 Wereblood                Tmut           0%         N/A       85%         2
 Confusing Touch          Hex            0%         N/A       97%         3
 Dazzling Flash           Conj/Hex       0%         N/A       97%         3
 Spider Form              Tmut/Pois      0%         N/A       97%         3
 Tukima's Dance           Hex            0%         N/A       97%         3
 Vampiric Draining        Necr           0%         2d6       97%         3
 Airstrike                Air            0%         N/A       100%        4
 Animate Dead             Necr           0%         N/A       100%        4
 Ice Form                 Ice/Tmut       0%         N/A       100%        4
 Agony                    Necr           0%         N/A       100%        5
 Lightning Bolt           Conj/Air       0%         1d11      100%        5
 Swiftness                Air            Unusable   N/A       N/A         3

Dungeon Overview and Level Annotations

Branches:
Dungeon (7/15)              Sewer (visited)          Bailey (visited)
 Temple: D:4-7

Altars:
Dithmenos
Hepliaklqana
Qazlal
Ru
Sif Muna
Uskayaw

Shops:
D:4 [   D:5 [

Annotations:
D:10 Fannar


Innate Abilities, Weirdness & Mutations

You cannot be hasted, slowed, berserked, paralysed or teleported.
You can dig through walls and to a lower floor.
You have a pair of large antennae on your head. (SInv)
Your four strong arms can wield two-handed weapons with a shield.


Message History

The killer bee barely misses you.
You closely miss the killer bee.
The killer bee is moderately wounded.
You feel sick. The killer bee barely misses you.
You closely miss the killer bee.
The killer bee is moderately wounded.
You feel sick.
You are no longer poisoned.
You block the killer bee's attack. x2
You miss the killer bee.
The killer bee is moderately wounded.
You block the killer bee's attack.
You puncture the killer bee!
You kill the killer bee!
Sif Muna accepts your kill.
You hit Fannar but do no damage. You hit Fannar.
Fannar is lightly wounded.
Fannar mumbles some strange words.
Fannar drains the heat from the surrounding environment!
* * * LOW HITPOINT WARNING * * *
You closely miss Fannar.
Fannar is lightly wounded.
You feel much better.
Fannar brushes some snowflakes from their robe.
Fannar misses you.
You hit Fannar but do no damage.
Fannar is lightly wounded.
Fannar hits you but does no damage.
You hit Fannar.
Fannar is lightly wounded.
Fannar hits you with a +0 quarterstaff of freezing.
Fannar freezes you.
Your scale mail prevents you from hitting Fannar.
Fannar is lightly wounded.
You hit Fannar.
Fannar is lightly wounded.
Fannar gestures wildly while chanting.
Fannar drains the heat from the surrounding environment!
You die...

### #@##
##########e#
....#...#.##
#......##
###.!y##
.#####..e####
.......(....#..
.####.....e.e...
#...........


You could see Fannar.

Vanquished Creatures
  Pikel (D:4)
  Grinder (D:5)
  Sigmund (D:2)
  2 steam dragons
  Menkaure (D:5)
  A water moccasin (D:6)
  An orc warrior (D:5)
  An ice beast (D:7)
  A necrophage (D:4)
  A centaur (D:7)
  3 ogres
  2 lemures (D:5)
  A bullfrog (D:7)
  8 gnoll sergeants (Bailey)
  4 scorpions
  A water moccasin zombie (D:5)
  2 water moccasin skeletons (D:5)
  5 killer bees (D:10)
  3 hounds
  6 gnoll shamans (Bailey)
  2 jellies
  A centaur skeleton (D:7)
  A bullfrog skeleton (D:6)
  A scorpion zombie (D:5)
  Natasha (thrice) (D:4)
  Terence (D:2)
  4 iguanas
  An orc wizard (D:4)
  A killer bee zombie (D:5)
  6 adders
  14 gnolls (Bailey)
  A shadow imp (D:6)
  A white imp (D:5)
  2 adder skeletons (D:4)
  7 worms
  2 dart slugs
  10 orcs
  14 endoplasms
  6 giant cockroaches
  14 goblins
  7 hobgoblins
  8 jackals
  14 quokkas
  8 ball pythons
  17 bats
  7 frilled lizards
  2 kobolds
  6 rats
  A toadstool (D:1)
208 creatures vanquished.

Vanquished Creatures (others)
  A jelly (D:5)
  A jackal (D:5)
  14 plants (D:5)
  3 toadstools (D:1)
19 creatures vanquished.

Grand Total: 227 creatures vanquished

Notes
Turn   | Place    | Note
-------+----------+-------------------------------------------
     0 | D:1      | Delamore the Formicid Fighter began the quest for the Orb.
     0 | D:1      | Reached XP level 1. HP: 18/18 MP: 1/1
   268 | D:1      | Found a faded altar of an unknown god.
   285 | D:1      | Reached XP level 2. HP: 24/24 MP: 2/2
   495 | D:1      | Became a worshipper of Sif Muna the Loreminder
   495 | D:1      | Reached * piety under Sif Muna
   761 | D:2      | Reached XP level 3. HP: 30/30 MP: 3/3
   770 | D:2      | Reached skill level 3 in Polearms
  1131 | D:2      | Noticed Sigmund
  1144 | D:2      | Killed Sigmund
  1145 | D:2      | Reached skill level 4 in Polearms
  1145 | D:2      | Reached XP level 4. HP: 23/38 MP: 4/4
  1145 | D:2      | Reached XP level 5. HP: 26/43 MP: 5/5
  1145 | D:2      | Reached XP level 6. HP: 29/49 MP: 6/6
  1418 | D:2      | Noticed Terence
  1426 | D:2      | Killed Terence
  1427 | D:2      | Reached skill level 5 in Polearms
  1523 | D:2      | Found a hide-covered altar of Uskayaw.
  1713 | D:3      | Found a hide-covered altar of Uskayaw.
  1744 | D:3      | Reached ** piety under Sif Muna
  2072 | D:3      | Found a sacrificial altar of Ru.
  2079 | D:3      | Reached skill level 5 in Fighting
  2108 | D:3      | Found a stormy altar of Qazlal.
  2397 | D:3      | Found a hazy altar of Hepliaklqana.
  2862 | D:4      | Reached skill level 6 in Polearms
  2862 | D:4      | Reached XP level 7. HP: 41/56 MP: 7/7
  3153 | D:4      | Noticed Natasha
  3164 | D:4      | Killed Natasha
  3188 | D:4      | Reached *** piety under Sif Muna
  3311 | D:4      | Reached skill level 7 in Polearms
  3483 | D:4      | Noticed Natasha
  3492 | D:4      | Killed Natasha
  3732 | D:4      | Found Suaxashry's Antique Armour Emporium.
  3870 | D:4      | Noticed Natasha
  3893 | D:4      | Killed Natasha
  4210 | D:5      | Entered Level 5 of the Dungeon
  4216 | D:5      | Reached XP level 8. HP: 62/62 MP: 8/8
  4226 | D:5      | Noticed Menkaure
  4235 | D:5      | Killed Menkaure
  4236 | D:5      | Reached skill level 8 in Polearms
  4300 | D:5      | Noticed Pikel
  4335 | D:4      | HP: 2/62 [Pikel (2)]
  4345 | D:4      | Killed Pikel
  4346 | D:4      | Reached skill level 9 in Polearms
  4625 | D:5      | Reached skill level 10 in Polearms
  4625 | D:5      | Reached XP level 9. HP: 54/68 MP: 9/9
  5538 | D:5      | Reached skill level 11 in Polearms
  6026 | D:5      | Found a shadowy altar of Dithmenos.
  6224 | D:5      | Found Ymasab's Armour Boutique.
  6414 | D:5      | Noticed Grinder
  6434 | D:5      | Killed Grinder
  6942 | D:6      | Found a glowing drain.
  6946 | Sewer    | Entered a sewer
  6955 | Sewer    | Reached **** piety under Sif Muna
  7757 | D:6      | You fall into a shaft and drop 1 floor!
  7757 | D:7      | Found a flagged portal.
  7774 | Bailey   | Entered a bailey
  7792 | Bailey   | Reached skill level 12 in Polearms
  8199 | Bailey   | Reached XP level 10. HP: 66/74 MP: 10/10
  9274 | Bailey   | Reached skill level 13 in Polearms
 10172 | D:7      | You fall into a shaft and drop 3 floors!
 10172 | D:10     | Entered Level 10 of the Dungeon
 10172 | D:10     | Noticed Fannar
 10225 | D:10     | Killed from afar by Fannar

Illustrated notes

Levels and vault maps discovered:
D:1:      ldierk_water_garden, layout_basic, basic_ecumenical_altar
D:2:      layout_basic, basic_altar, uniq_terence, uniq_sigmund
D:3:      layout_basic, nicolae_uskayaw_dance_hall, lemuel_tele_altar,
          lemuel_coloured_pillars_altar, lemuel_crystal_altar,
          kennysheep_pointless_box, minmay_unequal, uniq_robin
D:4:      minmay_spotlight, layout_basic, serial_shops, shop,
          minmay_crystal_water, lemuel_another_geyser, uniq_natasha
D:5:      cheibrodos_barr_body, layout_loops_ring,
          nicolae_dithmenos_shadow_blocks, serial_shops,
          nicolae_shop_window_shopping, serial_bayou, serial_bayou_shore_a,
          serial_bayou_pond_c, serial_bayou_pond_e, serial_bayou_lake_a,
          uniq_grinder, uniq_pikel, uniq_menkaure
D:6:      layout_loops_corners, gup_sewer_entry_bowl
D:7:      layout_layer_cave, minmay_temple_entry_grid, enter_bailey_3,
          uniq_crazy_yiuf_cottage
D:10:     layout_rooms, tso_altar, orc_0_dummy, minmay_quadrilaterals,
          uniq_fannar, uniq_snorg, uniq_nergalle, uniq_maurice

Skill      XL: |  1  2  3  4  5  6  7  8  9 10 |
---------------+-------------------------------+-----
Polearms       | 4 6 7 10 12 13 | 13.7
Fighting       | 4 5 |  5.0
Armour         | |  3.2
Shields        | |  3.6

Action                   |  1- 3 |  4- 6 |  7- 9 | 10-12 || total
-------------------------+-------+-------+-------+-------++-------
Melee: Trident           |   102 |   149 |   470 |   196 ||   917
Throw: Boomerang         |       |     3 |    25 |       ||    28
       Dart              |       |       |     2 |    50 ||    52
 Abil: Dig               |       |     1 |     5 |     1 ||     7
  Use: Scroll            |     6 |     2 |    11 |       ||    19
       Potion            |       |       |     3 |     2 ||     5
Armor: Scale mail        |    43 |    45 |   121 |    25 ||   234
       Skin              |       |       |       |    10 ||    10
Dodge: Dodged            |    33 |    49 |   144 |    74 ||   300
Block: Kite shield       |     4 |       |       |       ||     4
       Buckler           |    14 |    22 |    67 |    22 ||   125

Table legend: (Time is in decaauts)
 A = Elapsed time spent in this place.
 B = Non-inter-level travel time spent in this place.
 C = Inter-level travel time spent in this place.
 D = Time resting spent in this place.
 E = Time spent auto-exploring this place.
 F = Levels seen in this place.
 G = Mean time per level.
                   A        B        C        D        E       F      G
               +--------+--------+--------+--------+--------+-----+--------+
         Total |  10342 |  10234 |    108 |   2217 |   5896 |  10 | 1034.2 |
       Dungeon |   7783 |   7675 |    108 |   1402 |   4951 |   8 |  972.9 |
         Sewer |    874 |    874 |      0 |      0 |    527 |   1 |  874.0 |
        Bailey |   1685 |   1685 |      0 |    815 |    418 |   1 | 1685.0 |
               +--------+--------+--------+--------+--------+-----+--------+

Top non-repeatable levels by time:
     D:4: 2504 daAuts
  Bailey: 1685 daAuts
     D:5: 1472 daAuts
     D:3: 1044 daAuts
     D:2: 977 daAuts
   Sewer: 874 daAuts
     D:1: 705 daAuts
     D:7: 662 daAuts
     D:6: 380 daAuts
    D:10: 36 daAuts
